 Dungeon Crawl Stone Soup version 0.31-a0-889-g1a8549509d (webtiles) character file.

Game seed: 16561113859555365315

67 lunkers the Insei (level 4, -1/35 HPs)
             Began as a Meteoran Shapeshifter on Oct 16, 2023.
             Slain by a gnoll
             ... wielding a +0 halberd
              (10 damage)
             ... on level 3 of the Dungeon.
             The game lasted 00:02:04 (792 turns).

lunkers the Insei (Meteoran Shapeshifter)            Turns: 792, Time: 00:02:04

Health: -1/35      AC:  6    Str: 15    XL:     4   Next: 67%
Magic:  5/5        EV: 10    Int: 12    God:
Gold:   29         SH:  0    Dex: 15    Spells: 3/3 levels left

rFire   . .          .
                       - Unarmed
rCold   . . .        (no shield)
rNeg    . . .        f - +0 scale mail
rPois   .            (helmet currently unavailable)
rElec   .            (cloak currently unavailable)
rCorr   .            (gloves currently unavailable)
SInv    .            (boots currently unavailable)
Will    .....        (no amulet) Stlth
                     (no ring)
HPRegen 0.25/turn    (no ring)
MPRegen 0.09/turn

%: no passive effects
@: beast-form, glowing
A: beast (slay +2), sense surroundings 1, otherworldly, glowing, explore regen
a: Begin Untransformation


You were on level 3 of the Dungeon.
You were a hulking beast.
You visited 1 branch of the dungeon, and saw 3 of its levels.

You collected 29 gold pieces.

Inventory:

Armour
 a - a +0 animal skin
 f - a +0 scale mail (worn)
 j - a +0 pair of gloves
Talismans
 c - a beast talisman (active)
 d - a flux talisman
 p - a maw talisman
Wands
 n - a wand of charming (12)
Scrolls
 e - 2 scrolls of teleportation {unknown}
 g - a scroll of identify {unknown}
 i - a scroll of vulnerability {unknown}
 m - a scroll of blinking {unknown}
 o - a scroll of noise {unknown}
 q - a scroll of fog {unknown}
Potions
 b - a potion of lignification
 h - a potion of brilliance {unknown}
 k - a potion of haste {unknown}
 l - a potion of heal wounds {unknown}


   Skills:
 - Level 1.1 Fighting
 - Level 2.1 Dodging
 * Level 5.3 Unarmed Combat
 + Level 4.3 Shapeshifting


You had 3 spell levels left.
You didn't know any spells.
Your spell library was empty.

Dungeon Overview and Level Annotations

Branches:
Dungeon (3/15) Zot: 1013

Altars:
Zin


Innate Abilities, Weirdness & Mutations

You are a hulking beast.
Your limbs bulge with bestial killing power. (Slay +2)
You passively map a small area around you.
You are easily found by Zot.
You glow in the dark.
You regain HP and MP as you explore.


Message History

Unknown command.
You punch the gnoll!
You kill the gnoll!
Unknown command.
You hit the endoplasm.
You kill the endoplasm!
Unknown command.
A hobgoblin comes into view.
The hobgoblin shouts!
The gnoll hits you but does no damage.
You see here a +0 flail.
Unknown command.
You closely miss the gnoll. The gnoll closely misses you.
The gnoll hits you from afar with a +0 halberd!
* * * LOW HITPOINT WARNING * * *
You closely miss the gnoll. The gnoll closely misses you.
The gnoll barely misses you.
Unknown command.
You punch the gnoll! You punch the gnoll.
The gnoll is almost dead.
Unknown command.
You hit the gnoll.
The gnoll is almost dead.
The gnoll closely misses you. The gnoll hits you with a +0 flail!
* * * LOW HITPOINT WARNING * * *
You barely miss the gnoll.
The gnoll is almost dead.
The gnoll barely misses you. x2
Unknown command.
You closely miss the gnoll.
The gnoll is almost dead.
The gnoll barely misses you. The gnoll hits you with a +0 flail.
* * * LOW HITPOINT WARNING * * *
You punch the gnoll!
You kill the gnoll!
The gnoll closely misses you.
Unknown command.
You barely miss the hobgoblin. The hobgoblin completely misses you.
The gnoll hits you from afar with a +0 halberd!
You die... , * , #### , ,,,, ..., P , ##.## .. , * ##...## * PP.,

* #.....# ,....
#....# ,..P.. , ###
##.#.###......,
,,..# #.#..hgg.P..P
*#.# #.######.....
##. #.# ##'## * #.!
#.. #.# ##...## *
#.###.# ##.....##
#..##.###.......##
*
....>.##.........#*
,
.......'.......#.#
,
#...####....)..#.#
* , * *


You could see a gnoll and a hobgoblin.

Vanquished Creatures
  An adder (D:2)
  3 gnolls (D:3)
  A worm (D:2)
  3 endoplasms
  2 giant cockroaches (D:1)
  A goblin (D:2)
  A hobgoblin (D:2)
  4 jackals (D:1)
  A ball python (D:1)
  2 bats
  2 frilled lizards (D:2)
  3 kobolds
  4 rats
28 creatures vanquished.

Notes
Turn   | Place    | Note
-------+----------+-------------------------------------------
     0 | D:1      | lunkers the Meteoran Shapeshifter began the quest for the
                  | Orb.
     0 | D:1      | Reached XP level 1. HP: 16/16 MP: 2/2
   289 | D:1      | Reached skill level 4 in Unarmed Combat
   289 | D:1      | Reached XP level 2. HP: 23/23 MP: 3/3
   448 | D:2      | Reached XP level 3. HP: 28/28 MP: 4/4
   473 | D:2      | Found a glowing silver altar of Zin.
   774 | D:3      | Reached skill level 5 in Unarmed Combat
   774 | D:3      | Reached XP level 4. HP: 35/35 MP: 5/5
   792 | D:3      | Slain by a gnoll

Illustrated notes

Levels and vault maps discovered:
D:1:      evilmike_arrival_rings, layout_loops_cross,
          hellmonk_ecumenical_altar_watching_god
D:2:      layout_rooms, basic_altar, kennysheep_generic_room_13
D:3:      minmay_general_purpose_star, layout_loops_corners,
          nicolae_grassy_gnolls

Skill      XL: |  1  2  3 |
---------------+----------+-----
Unarmed Combat | 4 5 |  5.3
Shapeshifting  | 4 |  4.3
Fighting       | |  1.1
Dodging        | |  2.1

Action                     |  1- 3 |  4- 6 || total
---------------------------+-------+-------++-------
  Melee: Unarmed           |    57 |    14 ||    71
         Punch             |       |     2 ||     2
 Armour: Scale mail        |    24 |    10 ||    34
  Dodge: Dodged            |    31 |    10 ||    41

Table legend: (Time is in decaauts)
 A = Elapsed time spent in this place.
 B = Non-inter-level travel time spent in this place.
 C = Inter-level travel time spent in this place.
 D = Time resting spent in this place.
 E = Time spent auto-exploring this place.
 F = Levels seen in this place.
 G = Mean time per level.
                   A        B        C        D        E       F      G
               +--------+--------+--------+--------+--------+-----+--------+
         Total |    785 |    730 |     55 |      0 |    494 |   3 |  261.7 |
       Dungeon |    785 |    730 |     55 |      0 |    494 |   3 |  261.7 |
               +--------+--------+--------+--------+--------+-----+--------+

Top non-repeatable levels by time:
     D:1: 399 daAuts
     D:2: 319 daAuts
     D:3: 67 daAuts
